 Dungeon Crawl Stone Soup version 0.20-a0-446-g9649680 (webtiles) character file.

30 RumaTero the Skirmisher (level 3, 0/29 HPs)
             Began as a Demonspawn Abyssal Knight on Jan 7, 2017.
             Was a Follower of Lugonu.
             Slain by Natasha (3 damage)
             ... on level 2 of the Dungeon.
             The game lasted 00:02:42 (1475 turns).

RumaTero the Skirmisher (Demonspawn Abyssal Knight) Turns: 1475, Time: 00:02:43

Health: 0/29       AC:  3    Str: 13    XL:     3   Next: 3%
Magic:  4/4        EV: 11    Int: 13    God:    Lugonu [*.....]
Gold:   43         SH:  0    Dex: 12    Spells: 2/2 levels left

rFire  . . .     SeeInvis .     a - +1 mace
rCold  . . .     Gourm    .     b - +0 leather armour
rNeg   . . .     Faith    .     (no shield)
rPois  .         Spirit   .     (no helmet)
rElec  .         Reflect  .     (no cloak)
rCorr  .         Harm     .     (no gloves)
MR     .....                    (no boots)
Stlth  +.........               (no amulet)
                                (no ring)
                                (no ring)

@: no status effects
A: talons 1
a: Depart the Abyss, Renounce Religion


You were on level 2 of the Dungeon.
You worshipped Lugonu.
Lugonu was aware of your devotion.
You were not hungry.

You visited 1 branch of the dungeon, and saw 2 of its levels.
You visited the Abyss 1 time.

You collected 43 gold pieces.

Inventory:

Hand Weapons
 a - a +1 mace (weapon)
Armour
 b - a +0 leather armour (worn)
 l - a cursed +0 buckler
Scrolls
 e - a scroll of remove curse {unknown}
 f - 2 scrolls of identify {unknown}
 j - a scroll of enchant weapon {unknown}
 k - a scroll of recharging {unknown}
 n - a scroll of immolation {unknown}
Potions
 d - a potion of berserk rage {unknown}
 g - a potion of curing {unknown}
 h - a potion of cure mutation {unknown}
 i - a potion of heal wounds {unknown}
Comestibles
 c - a bread ration


   Skills:
 + Level 3.3 Fighting
 * Level 2.5 Maces & Flails
 + Level 2.2 Armour
 - Level 0.8 Dodging
 - Level 2.4 Invocations


You had 2 spell levels left.
You didn't know any spells.

Dungeon Overview and Level Annotations

Branches:
Dungeon (2/15)

Altars:
Yredelemnul

Annotations:
D:2 Natasha


Innate Abilities, Weirdness & Mutations

You have sharp toenails.


Message History

Natasha is moderately wounded.
Natasha barely misses you.
You closely miss Natasha.
Natasha is moderately wounded.
Natasha casts a spell at you. You resist with significant effort.
You barely miss Natasha. Your kick misses Natasha.
Natasha is moderately wounded.
Natasha claws you. Natasha claws you but does no damage.
Your leather armour prevents you from hitting Natasha.
Natasha is moderately wounded.
Natasha barely misses you.
You closely miss Natasha. You claw Natasha, but do no damage.
Natasha is moderately wounded.
Natasha claws you!
* * * LOW HITPOINT WARNING * * *
You closely miss Natasha.
Natasha is moderately wounded.
Natasha claws you.
You die...

# #.. . #.# # #.###### #
#.#....# # #.#....# ###########
#########.#....# #..........
........#.#h@..## #.#.......#
##########.#.#....#....##.##....
............'..................
#.......#..#............#..#.#
+.......+..#....#######.#.<#.#
#.......#..####.# ### #.####..
###.......##.## #.# ### #......#
#.......####..# #.+ ._. +....#.#
#.#####.#####.###.# #.# #..#.#.#


You could see Natasha.

Vanquished Creatures
  3 dart slugs (D:1)
  A leopard gecko (D:1)
  2 giant cockroaches
  3 goblins (D:1)
  2 hobgoblins (D:1)
  4 kobolds
  A quokka (D:2)
  3 bats
  2 frilled lizards
  3 rats
24 creatures vanquished.

Notes
Turn   | Place    | Note
-------+----------+-------------------------------------------
     0 | Abyss:1  | RumaTero the Demonspawn Abyssal Knight began the quest for the Orb.
     0 | Abyss:1  | Reached XP level 1. HP: 18/18 MP: 2/2
     0 | D:1      | Escaped the Abyss
   464 | D:1      | Gained mutation: You have sharp toenails. [demonic ancestry]
   464 | D:1      | Reached XP level 2. HP: 13/24 MP: 3/3
   718 | D:1      | Reached * piety under Lugonu
  1399 | D:2      | Reached XP level 3. HP: 25/29 MP: 4/4
  1432 | D:2      | Found a basalt altar of Yredelemnul.
  1463 | D:2      | Noticed Natasha
  1475 | D:2      | Slain by Natasha

Vault maps used:
D:1:      minmay_arrival_semitransparent
D:2:      nicolae_ru_path_of_blood, lemuel_doored_altar,
          evilmike_ruin_ashenzari, uniq_natasha
Abyss:1:  guppyfry_abyss_exit_imp_island

Skill      XL: |  1 |
---------------+----+-----
Maces & Flails | 2 |  2.5
Armour         | 2 |  2.2
Fighting       | |  3.3
Dodging        | |  0.8
Invocations    | |  2.4

Action                   || total
-------------------------++-------
Melee: Mace              ||    79
       Kick              ||     9
Invok: Depart the Abyss  ||     1
 Stab: Sleeping          ||     3
  Eat: Chunk             ||     2
Armor: Leather armour    ||    22
Dodge: Dodged            ||    43
